 Dungeon Crawl Stone Soup version 0.18.1-1-g2f07953 (webtiles) character file.

153750 biohard the Unseen (level 17, -21/117 HPs)
             Began as a Vampire Assassin on May 13, 2016.
             Was the Champion of Makhleb.
             Engulfed by Oneehiacw the Cloud Mage's thunder (81 damage)
             ... in a wizard's laboratory.
             The game lasted 03:31:59 (44421 turns).

biohard the Unseen (Vampire Assassin)              Turns: 44421, Time: 03:31:59

Health: -21/117    AC: 17    Str: 10    XL:     17   Next: 5%
Magic:  21/21      EV: 45    Int: 14    God:    Makhleb [******]
Gold:   1306       SH: 11    Dex: 30    Spells: 3 memorised, 7 levels left

rFire  + . .     SeeInvis +     a - +0 long sword (vamp)
rCold  + . .     Gourm    .     V - +2 robe of Meviuq {Dex+3}
rNeg   + + +     Faith    .     R - +3 buckler {reflect}
rPois  ∞         Spirit   .     w - +2 helmet
rElec  .         Dismiss  +     B - +2 cloak {+Inv}
rCorr  .         Reflect  +     r - +2 pair of gloves
SustAt .         Harm     .     I - +2 pair of boots
MR     +....                    W - amulet of dismissal
Stlth  ++++++++++               N - ring "Wulo" {Fire Slay+2}
                                t - ring of Shaolin {EV+8}

@: agile, very slightly contaminated, bloodless, non-regenerating, somewhat
resistant to hostile enchantments, uncannily stealthy
A: fangs 3, see invisible, low mp 1, unbreathing
a: Bat Form, Minor Destruction, Lesser Servant of Makhleb, Major Destruction,
Greater Servant of Makhleb, Renounce Religion, Evoke Invisibility


You were in a wizard's laboratory.
You worshipped Makhleb.
Makhleb was exalted by your worship.
You were bloodless.

You visited 5 branches of the dungeon, and saw 28 of its levels.
You also visited: Labyrinth, Ice Cave, Volcano and Wizlab.

You collected 3038 gold pieces.
You spent 1732 gold pieces at shops.

Inventory:

Hand Weapons
 a - a +0 vampiric long sword (weapon)
 b - the +5 blowgun of Midnight {evade, Dex+5}
   (You found it in a labyrinth)

   It affects your evasion (+5 to EV).
   It affects your dexterity (+5).
Missiles
 e - 95 poisoned needles
 y - 15 curare-tipped needles
Armour
 r - a +2 pair of gloves (worn)
 w - a +2 helmet (worn)
 B - a +2 cloak of invisibility (worn)
 I - a +2 pair of boots (worn)
 R - a +3 buckler of reflection (worn)
 V - the +2 robe of Meviuq (worn) {Dex+3}
   (You bought it in a shop on level 13 of the Dungeon)

   It affects your dexterity (+3).
Jewellery
 t - the ring of Shaolin (left hand) {EV+8}
   (You found it in an ice cave)

   [ring of evasion]

   It affects your evasion (+8).
 N - the ring "Wulo" (right hand) {Fire Slay+2}
   (You bought it in a shop on level 13 of the Dungeon)

   [ring of fire]

   It enhances your fire magic, and weakens your ice magic.
   It affects your accuracy and damage with ranged weapons and melee attacks
   (+2).
   It protects you from fire.
   It makes you vulnerable to cold.
 W - an amulet of dismissal (around neck)
Wands
 j - a wand of iceblast (7/15)
 k - a wand of iceblast (2/15)
 l - a wand of teleportation (7/9)
 m - a wand of disintegration (16/24)
 n - a wand of lightning (6/15)
 v - a wand of confusion (18/48)
 C - a wand of lightning (2/15)
 D - a wand of heal wounds (0/9)
 M - a wand of lightning (0/15)
 O - a wand of digging (2/24)
 Q - a wand of iceblast (7/15)
 X - a wand of slowing (41/48)
 Z - a wand of teleportation (3/9)
Scrolls
 o - 3 scrolls of teleportation
 p - a scroll of magic mapping
 u - 10 scrolls of immolation
 x - 9 scrolls of fog
 E - 2 scrolls of blinking
 H - 5 scrolls of recharging
 K - 3 scrolls of remove curse
 P - 2 scrolls of noise
 S - 2 scrolls of identify
 T - 2 scrolls of silence
 Y - a scroll of fear
Potions
 c - a potion of cancellation
 d - 2 potions of haste
 f - 3 potions of brilliance
 h - 8 potions of flight
 i - 3 potions of blood
 q - a potion of magic
 s - 8 potions of curing
 z - 2 potions of agility
 F - 3 potions of resistance
 J - 2 potions of invisibility
Books
 g - Sif Muna's Reference Book on Flight
   (You found it in a wizard's laboratory)

   Spells                             Type                      Level
   a - Repel Missiles                 Charms/Air                   2
   b - Mephitic Cloud                 Conjuration/Poison/Air       3
   c - Static Discharge               Conjuration/Air              3
   d - Lightning Bolt                 Conjuration/Air              5
   e - Silence                        Hexes/Air                    5
   f - Deflect Missiles               Charms/Air                   6
   g - Poisonous Cloud                Conjuration/Poison/Air       6
 A - Madiuf's Incunabulum of Air
   (You found it in a wizard's laboratory)

   Spells                             Type                      Level
   a - Repel Missiles                 Charms/Air                   2
   b - Mephitic Cloud                 Conjuration/Poison/Air       3
   c - Lightning Bolt                 Conjuration/Air              5
   d - Silence                        Hexes/Air                    5
   e - Freezing Cloud                 Conjuration/Ice/Air          6
   f - Conjure Ball Lightning         Conjuration/Air              6
 G - a book of Power

   Spells                             Type                      Level
   a - Fulminant Prism                Conjuration/Hexes            4
   b - Iskenderun's Mystic Blast      Conjuration                  4
   c - Venom Bolt                     Conjuration/Poison           5
   d - Bolt of Magma                  Conjuration/Fire/Earth       5
   e - Iron Shot                      Conjuration/Earth            6
   f - Orb of Destruction             Conjuration                  7
   g - Spellforged Servitor           Conjuration/Summoning        7
Miscellaneous
 U - a phial of floods (inert)


   Skills:
 - Level 6.1 Fighting
   Level 15.1(15.4) Short Blades
 * Level 5.0(10.6) Long Blades
 - Level 3.1 Throwing
 - Level 6.0 Armour
 - Level 16.0 Dodging
 - Level 20.0 Stealth
 - Level 6.2 Shields
 - Level 9.0 Hexes
 - Level 1.0 Ice Magic
 - Level 9.0 Invocations
 - Level 8.1 Evocations


You had 7 spell levels left.
You knew the following spells:

 Your Spells              Type           Power        Failure   Level  Hunger
a - Confuse               Hex            ####....     1%          3    ####...
b - Cause Fear            Hex            ####......   10%         4    #####..
c - Ensorcelled Hibernat  Hex/Ice        #.....       6%          2    ###....


Dungeon Overview and Level Annotations

Branches:
Dungeon (15/15)            Temple (1/1) D:5            Lair (8/8) D:11
 Shoals (0/4) Lair:4        Snake (0/4) Lair:6        Slime (0/6) Lair:7
    Orc (2/2) D:10            Elf (2/3) Orc:2        Vaults (0/5) D:13
 Depths (0/5) D:15

Altars:
Ashenzari
Cheibriados
Dithmenos
Gozag
Kikubaaqudgha
Makhleb
Nemelex Xobeh
Okawaru
Pakellas
Qazlal
Trog
Vehumet
Xom
Zin
The Shining One
Beogh
Jiyva

Shops:
D:9 (   D:13 **[**   Orc:2 *%:(

Portals:
Hell: Lair:8
Trove: D:13 (show slimy rune of Zot)

Annotations:
D:10 Twogk's ghost, journeyman GrGl
D:15 exclusion: Roxanne, Roxanne


Innate Abilities, Weirdness & Mutations

You do not heal naturally.
You are immune to poison.
You have razor-sharp teeth.
You have supernaturally acute eyesight.
You can survive without breathing.
Your magical capacity is low (-10% MP).


Message History

Oneehiacw creates a blast of negative energy!
Really walk into that cloud of thunder?
Okay, then.
Really walk into that cloud of thunder?
Okay, then.
Read which item? (? for menu, Esc to quit)
Okay, then.
Press: ? - help, v - describe, . - travel, g - get item
Here: a hellwing (negative energy, corpse armoured, friendly, summoned)
A book of Clouds.
The damp floor.
Drink which item? (? for menu, Esc to quit)
Okay, then.
Press: ? - help, v - describe, . - travel
Here: Oneehiacw the Cloud Mage, wielding a dagger of freezing and wearing the +3 robe of Clouds {+Fly rElec} (moderately wounded, misshapen and mutated, controlling the winds)
The damp floor, spattered with blood.
Really walk into that cloud of thunder?
You are standing in a thunderstorm.
You are struck by lightning!
Ouch! That really hurt!
You die...

≈≈≈≈≈≈▓▓▓........................
≈≈≈≈▓▓▓...≈≈≈≈≈≈≈≈≈≈≈≈≈≈≈≈≈≈≈≈≈≈≈
≈≈≈▓▓...≈≈≈≈≈≈≈##################
≈≈≈▓..≈≈≈≈≈≈≈### #############
≈≈▓▓.≈≈≈≈≈≈########§§#..#..#..#§§
≈≈▓..≈≈≈≈≈##§§§§§#§§§§..@.......§
≈▓▓.≈≈≈≈≈≈##§§§§§#§§§§.........§.
≈▓..≈≈≈≈≈###.§4§§#§§§..........§.
≈▓..≈≈≈≈≈# #.@3§@§§§§..........§§
≈▓..≈≈≈≈≈###.5.4.#.............§§
≈▓▓.≈≈≈≈≈≈##.....#§§§§§§......§.§
≈≈▓..≈≈≈≈≈##§§...#§§§§.§......§§§
≈≈▓▓.≈≈≈≈≈≈########§.#§.#..#..#.§
≈≈≈▓..≈≈≈≈≈≈≈### ###############
≈≈≈▓▓...≈≈≈≈≈≈≈##################
≈≈≈≈▓▓....≈≈≈≈≈≈≈≈≈≈≈≈≈≈≈≈≈≈≈≈≈≈≈
≈≈≈≈≈▓▓▓▓........................


You could see Oneehiacw the Cloud Mage, a friendly orange demon, a friendly
hellwing, a friendly neqoxec and a friendly white imp.

Vanquished Creatures
  Saint Roka (Orc:2)
  Rupert (Lair:6)
  A sphinx (D:15)
  A deep elf sorcerer (Elf:1)
  An orc warlord (Orc:2)
  2 dire elephants (Lair:8)
  An ettin (D:15)
  A minotaur (Lab)
  4 vault guards (D:13)
  A rakshasa (D:15)
  2 ice dragons (IceCv)
  A hell beast (Lair:8)
  7 hydras
  3 centaur warriors (D:15)
  A death knight (D:15)
  An ogre mage (D:15)
  4 dancing weapons (Elf:1)
  A tengu warrior (D:15)
  6 orc high priests
  Urug (Lair:4)
  4 deep elf knights (Elf:1)
  Sonja (D:15)
  13 skeletal warriors
  A deep troll (D:15)
  5 deep elf archers (Elf:1)
  A wizard (Lair:8)
  5 orc knights
  4 hill giants
  A wolf spider (D:15)
  5 orc sorcerers (Orc:2)
  3 griffons
  3 ugly things
  2 wolf spider zombies (D:15)
  2 manticores
  46 deep elf magi
  5 cyclopes
  A siren (Lair:4)
  17 elephants
  5 black mambas
  Maurice (Orc:2)
  5 orange demons (Lair:8)
  12 spiny frogs
  A freezing wraith (D:14)
  A kobold demonologist (D:14)
  A komodo dragon (shapeshifter) (D:13)
  7 rime drakes
  4 ice devils
  9 komodo dragons
  A hellwing (Lair:8)
  A queen bee (D:12)
  5 wind drakes (WizLab)
  A polar bear (Lair:7)
  A jumping spider (shapeshifter) (Elf:1)
  7 trolls
  4 two-headed ogres
  Prince Ribbit (D:6)
  8 slime creatures
  12 blink frogs
  Grinder (D:6)
  A boulder beetle (Lair:7)
  22 air elementals
  4 vampires
  2 water elementals (Elf:1)
  3 shadows
  2 wraiths
  61 yaks
  5 fire bats (Volcano)
  4 wyverns
  A yak (shapeshifter) (Elf:1)
  3 basilisks
  13 hippogriffs
  2 fire elementals (Elf:1)
  A steam dragon (D:13)
  3 vampire mosquitoes (D:15)
  9 wargs
  3 mottled dragons (Volcano)
  4 hungry ghosts
  6 insubstantial wisps (WizLab)
  Menkaure (D:5)
  23 water moccasins
  2 soldier ants
  A naga (shapeshifter) (D:13)
  A hell hound (Lair:8)
  58 orc warriors
  14 porcupines
  4 sky beasts
  4 phantoms
  2 black bears
  25 ice beasts
  A wasp (D:13)
  An eye of draining (D:8)
  16 wolves
  6 centaurs
  2 necrophages
  19 ogres
  20 crocodiles
  A big kobold (D:14)
  The ghost of SteelSquire the Sneak, an amateur VSAs (D:3)
  An earth elemental (Lab)
  A gnoll sergeant (D:10)
  28 giant frogs
  2 wyvern skeletons
  A water moccasin skeleton (D:10)
  5 scorpions
  14 killer bees
  A wight (D:13)
  5 howler monkeys
  4 electric eels
  6 crimson imps
  8 lava snakes (Volcano)
  9 hounds
  2 jellies (D:6)
  22 orc wizards
  3 giant frog zombies
  32 orc priests
  6 centaur skeletons
  Natasha (thrice) (D:3)
  14 iguanas
  7 worker ants
  25 sheep
  A hound skeleton (D:4)
  A worker ant zombie (D:6)
  Robin (D:3)
  35 river rats
  13 adders
  7 gnolls
  2 shadow imps
  An ooze (D:1)
  5 worms
  7 giant geckos
  147 orcs
  8 giant cockroaches
  15 goblins
  8 hobgoblins
  12 jackals
  4 quokkas
  3 ball pythons
  A ball python skeleton (D:4)
  8 bats
  A giant cockroach zombie (D:5)
  A giant gecko skeleton (D:5)
  2 giant gecko zombies
  4 giant newts
  A jackal skeleton (D:5)
  9 kobolds
  6 rats
  2 plants
1103 creatures vanquished.

Vanquished Creatures (collateral kills)
  A spriggan air mage (WizLab)
  8 air elementals (WizLab)
  3 insubstantial wisps (WizLab)
  A killer bee (D:12)
13 creatures vanquished.

Vanquished Creatures (others)
  A deep elf knight (Elf:1)
  A deep elf archer (Elf:1)
  An elephant (Lair:7)
  A troll (D:13)
  A porcupine (Lair:1)
  An orc warrior (Orc:1)
  An electric eel (Elf:1)
  An orc priest (Orc:1)
  3 orcs (Orc:2)
  33 fungi
  43 plants
87 creatures vanquished.

Grand Total: 1203 creatures vanquished

Notes
Turn   | Place    | Note
--------------------------------------------------------------
     0 | D:1      | biohard the Vampire Assassin began the quest for the Orb.
     0 | D:1      | Reached XP level 1. HP: 16/16 MP: 1/1
    36 | D:1      | Reached skill level 6 in Stealth
    62 | D:1      | Reached XP level 2. HP: 16/22 MP: 2/2
   132 | D:1      | Reached skill level 7 in Stealth
   503 | D:2      | Found a shadowy altar of Dithmenos.
   629 | D:2      | Reached XP level 3. HP: 25/27 MP: 3/3
  1143 | D:3      | Reached XP level 4. HP: 17/33 MP: 4/4
  1438 | D:3      | Noticed SteelSquire's ghost (amateur VSAs)
  1556 | D:3      | Noticed an ogre
  1564 | D:3      | Killed an ogre
  1564 | D:3      | Reached skill level 5 in Short Blades
  1564 | D:3      | Reached XP level 5. HP: 38/38 MP: 5/5
  1579 | D:3      | Noticed Robin
  1801 | D:3      | Killed Robin
  2255 | D:3      | Killed SteelSquire's ghost
  2334 | D:3      | Reached XP level 6. HP: 36/44 MP: 6/6
  2501 | D:3      | Noticed Natasha
  2516 | D:3      | Killed Natasha
  2924 | D:3      | Noticed Natasha
  2946 | D:3      | Killed Natasha
  3068 | D:3      | Noticed Natasha
  3139 | D:3      | Killed Natasha
  3916 | D:4      | Reached XP level 7. HP: 49/49 MP: 7/7
  4061 | D:4      | Got a blackened dagger
  4062 | D:4      | Identified the cursed +0 dagger "Giantslayer" {drain, MP+9} (You found it on level 4 of the Dungeon)
  4413 | D:5      | Entered Level 5 of the Dungeon
  4438 | D:5      | Noticed Menkaure
  4454 | D:5      | Killed Menkaure
  4872 | D:5      | Found a staircase to the Ecumenical Temple.
  4969 | Temple   | Entered the Ecumenical Temple
  5370 | Temple   | Became a worshipper of Makhleb the Destroyer
  5684 | D:5      | Reached XP level 8. HP: 42/55 MP: 8/8
  5840 | D:5      | Reached skill level 10 in Short Blades
  6128 | D:6      | Noticed Grinder
  6133 | D:6      | Killed Grinder
  6133 | D:6      | Reached skill level 9 in Stealth
  6242 | D:6      | Learned a level 3 spell: Confuse
  6260 | D:6      | Reached skill level 10 in Stealth
  6260 | D:6      | Reached skill level 1 in Hexes
  6263 | D:6      | Reached * piety under Makhleb
  6744 | D:6      | Found a glowing silver altar of Zin.
  6759 | D:6      | Found a glowing golden altar of the Shining One.
  6762 | D:6      | Found a sparkling altar of Nemelex Xobeh.
  6765 | D:6      | Found a snail-covered altar of Cheibriados.
  6960 | D:6      | Noticed Prince Ribbit
  6963 | D:6      | Killed Prince Ribbit
  7246 | D:6      | Reached skill level 5 in Hexes
  7358 | D:6      | Reached XP level 9. HP: 51/61 MP: 2/9
  7636 | D:7      | Found a stormy altar of Qazlal.
  7675 | D:7      | Reached skill level 1 in Evocations
  8901 | D:8      | Reached skill level 5 in Evocations
  8939 | D:8      | Reached ** piety under Makhleb
  9289 | D:9      | Found a radiant altar of Vehumet.
  9386 | D:9      | Found Qiwn's Weapon Boutique.
  9400 | D:9      | Reached XP level 10. HP: 67/67 MP: 10/14
  9408 | D:9      | Got a jewelled leather armour
  9430 | D:9      | Identified the cursed +1 leather armour "Zenuc" {rN++} (You found it on level 9 of the Dungeon)
  9501 | D:9      | Noticed a manticore
  9514 | D:9      | Killed a manticore
  9514 | D:9      | Reached skill level 11 in Stealth
  9548 | D:9      | Found a bloodstained altar of Trog.
  9680 | D:9      | Reached skill level 1 in Armour
 10335 | D:10     | Entered Level 10 of the Dungeon
 10370 | D:9      | Reached *** piety under Makhleb
 10462 | D:10     | Reached skill level 12 in Stealth
 10711 | D:10     | Found a staircase to the Orcish Mines.
 10938 | D:10     | Reached **** piety under Makhleb
 10982 | D:10     | Noticed Twogk's ghost (journeyman GrGl)
 11166 | D:11     | Reached skill level 5 in Armour
 11277 | D:11     | Found a labyrinth entrance.
 11286 | Lab      | Entered a labyrinth
 11878 | Lab      | Got a transparent blowgun
 11879 | Lab      | Identified the +5 blowgun of Midnight {evade, Dex+5} (You found it in a labyrinth)
 12096 | Lab      | Noticed a minotaur
 12108 | Lab      | Killed a minotaur
 12108 | Lab      | Reached XP level 11. HP: 72/72 MP: 7/15
 12113 | Lab      | Identified the Handbook of Dislocation
 12114 | Lab      | Got a transparent mace
 12187 | D:11     | Found a staircase to the Lair.
 12376 | D:11     | Learned a level 4 spell: Cause Fear
 12707 | D:12     | Reached skill level 13 in Stealth
 12981 | D:12     | Noticed a purple ugly thing
 13303 | D:11     | Noticed a hill giant
 13327 | D:11     | Killed a hill giant
 13605 | Lair:1   | Entered Level 1 of the Lair of Beasts
 13816 | Lair:1   | Reached skill level 14 in Stealth
 14027 | Lair:1   | Reached skill level 5 in Dodging
 14042 | Lair:1   | Reached ***** piety under Makhleb
 14722 | Lair:2   | Found a dark tunnel.
 14736 | Volcano  | Entered a volcano
 15305 | Volcano  | Found a radiant altar of Vehumet.
 15337 | Volcano  | Found a bloodstained altar of Trog.
 15585 | Lair:2   | Reached XP level 12. HP: 64/78 MP: 11/16
 15605 | Lair:1   | Reached skill level 10 in Dodging
 16156 | Lair:3   | Learned a level 2 spell: Ensorcelled Hibernation
 16173 | Lair:3   | Reached skill level 1 in Ice Magic
 17108 | Lair:3   | Identified a scroll of acquirement
 17197 | Lair:4   | Reached ****** piety under Makhleb
 17508 | Lair:4   | Noticed Urug
 17519 | Lair:4   | Killed Urug
 17547 | Lair:4   | Found a staircase to the Shoals.
 18978 | Lair:6   | Found a frozen archway.
 19187 | IceCv    | Entered an ice cave
 19795 | IceCv    | Reached XP level 13. HP: 83/83 MP: 17/17
 20131 | Lair:6   | Noticed Rupert
 20152 | Lair:6   | Killed Rupert
 20370 | Lair:6   | Found a staircase to the Snake Pit.
 20739 | Lair:6   | Reached skill level 5 in Invocations
 21812 | Lair:7   | Reached skill level 5 in Fighting
 21843 | Lair:7   | Found a viscous altar of Jiyva.
 21843 | Lair:7   | Found a staircase to the Slime Pits.
 22229 | Lair:7   | Reached skill level 15 in Stealth
 22920 | Lair:7   | Reached skill level 16 in Stealth
 23383 | Lair:8   | Entered Level 8 of the Lair of Beasts
 23654 | Lair:8   | Noticed a dire elephant
 23673 | Lair:8   | Killed a dire elephant
 23673 | Lair:8   | Reached XP level 14. HP: 98/98 MP: 15/18
 23722 | Lair:8   | Paralysed by a wizard for 2 turns
 23892 | Lair:8   | Found a burning altar of Makhleb.
 24376 | Lair:8   | Gained mutation: Your magical capacity is low (-10% MP). [mutagenic glow]
 26246 | Lair:7   | Reached skill level 15 in Short Blades
 26868 | Lair:8   | Found a gateway to Hell.
 28117 | Orc:1    | Entered Level 1 of the Orcish Mines
 29678 | Orc:2    | Entered Level 2 of the Orcish Mines
 29683 | Orc:2    | Noticed Maurice
 29742 | Orc:2    | Killed Maurice
 29783 | Orc:2    | Noticed Saint Roka
 31181 | Orc:2    | Killed Saint Roka
 31181 | Orc:2    | Reached XP level 15. HP: 103/103 MP: 18/18
 31216 | Orc:2    | Found a roughly hewn altar of Beogh.
 31308 | Orc:2    | Found Bawah's Book Boutique.
 31333 | Orc:2    | Found Ynym's Antique Weapon Shop.
 31899 | Orc:2    | Noticed an orc warlord
 32016 | Orc:2    | Reached skill level 15 in Dodging
 32143 | Orc:2    | Found a roughly hewn altar of Beogh.
 32160 | Orc:2    | Killed an orc warlord
 32194 | Orc:2    | Found Kufesule's Food Shop.
 32247 | Orc:2    | Found Zuqosty's Assorted Antiques.
 32294 | Orc:2    | Bought a scroll of magic mapping for 105 gold pieces
 32294 | Orc:2    | Bought a scroll of identify for 60 gold pieces
 32294 | Orc:2    | Bought a potion of agility for 120 gold pieces
 32294 | Orc:2    | Bought a scroll of identify for 60 gold pieces
 32294 | Orc:2    | Bought a glowing short sword for 90 gold pieces
 33711 | Orc:2    | Identified the Guide on the Vitriolic Birds
 33875 | Orc:2    | Found a staircase to the Elven Halls.
 34381 | D:12     | Got a faintly glowing trident
 34382 | D:12     | Identified the +5 trident "Mayroh" {flame, rElec rPois MR+ Stlth+} (You found it on level 12 of the Dungeon)
 35227 | D:13     | Found Bocsiw's General Store.
 35282 | D:13     | Found a portal to a secret trove of treasure.
 35284 | D:13     | Found Mawiegala's Assorted Antiques.
 35298 | D:13     | Bought a hardcover book for 300 gold pieces
 35298 | D:13     | Bought a wavering bone ring for 100 gold pieces
 35298 | D:13     | Bought a scroll of blinking for 150 gold pieces
 35305 | D:13     | Identified the ring "Wulo" {Fire Slay+2} (You bought it in a shop on level 13 of the Dungeon)
 35323 | D:13     | Found Xuufualivah's General Store.
 35330 | D:13     | Found Nenak's General Store.
 35491 | D:13     | Bought a potion of haste for 140 gold pieces
 35499 | D:13     | Bought a scroll of identify for 36 gold pieces
 35499 | D:13     | Bought the +2 robe of Meviuq {Dex+3} for 432 gold pieces
 35530 | D:13     | Found Vuitzyi's Antique Armour Shoppe.
 35533 | D:13     | Bought a glowing buckler for 139 gold pieces
 35577 | D:13     | Reached skill level 1 in Shields
 35682 | D:13     | Found a gate to the Vaults.
 36520 | D:13     | Reached skill level 5 in Shields
 36704 | D:14     | Found a roughly hewn altar of Beogh.
 37080 | D:15     | Entered Level 15 of the Dungeon
 37101 | D:15     | Noticed Sonja
 37138 | D:15     | Killed Sonja
 37376 | D:15     | Reached skill level 17 in Stealth
 37376 | D:15     | Reached XP level 16. HP: 111/111 MP: 19/19
 37734 | D:15     | Noticed Roxanne
 38042 | D:15     | Reached skill level 18 in Stealth
 38062 | D:15     | Found a staircase to the Depths.
 38398 | D:15     | Noticed a sphinx
 38411 | D:15     | Killed a sphinx
 39256 | Elf:1    | Entered Level 1 of the Elven Halls
 39874 | Elf:1    | Found an ancient bone altar of Kikubaaqudgha.
 40814 | Elf:1    | Found a radiant altar of Vehumet.
 40918 | Elf:1    | Reached skill level 19 in Stealth
 41933 | Elf:1    | Reached skill level 1 in Long Blades
 41974 | Elf:1    | Reached skill level 20 in Stealth
 42492 | Elf:2    | Found a magical portal.
 42498 | WizLab   | Entered The Chambers of Oneehiacw the Cloud Mage
 43962 | WizLab   | Reached XP level 17. HP: 117/117 MP: 21/21
 44216 | WizLab   | Noticed Oneehiacw
 44332 | WizLab   | Reached skill level 5 in Long Blades
 44394 | WizLab   | Identified Sif Muna's Reference Book on Flight (You found it in a wizard's laboratory)
 44403 | WizLab   | Identified Madiuf's Incunabulum of Air (You found it in a wizard's laboratory)
 44421 | WizLab   | Engulfed by Oneehiacw the Cloud Mage's thunder

Skill      XL: |  1  2  3  4  5  6  7  8  9 10 11 12 13 14 15 16 17 |
---------------+----------------------------------------------------+-----
Stealth        | 6 7 10 12 14 16 17 20 | 20.0
Short Blades   | 3 5 6 7 9 10 12 13 15 | 15.1
Fighting       | 2 5 6 |  6.1
Dodging        | 4 9 12 13 14 16 | 16.0
Hexes          | 5 9 |  9.0
Evocations     | 5 6 8 |  8.1
Armour         | 6 |  6.0
Throwing       | 3 |  3.1
Ice Magic      | 1 |  1.0
Invocations    | 5 9 |  9.0
Shields        | 6 |  6.2
Long Blades    | 4 5 |  5.0

Action                   |  1- 3 |  4- 6 |  7- 9 | 10-12 | 13-15 | 16-18 || total
-------------------------+-------+-------+-------+-------+-------+-------++-------
Melee: Dagger            |   121 |   293 |   386 |  1832 |  2489 |   901 ||  6022
       Bite              |    13 |    35 |    46 |   278 |   692 |   228 ||  1292
       Rapier            |       |       |       |   292 |  1821 |       ||  2113
       Long sword        |       |       |       |       |     7 |   591 ||   598
 Fire: Blowgun           |     4 |     6 |    10 |       |     2 |     5 ||    27
 Cast: Confuse           |       |       |    23 |    69 |   144 |     6 ||   242
       Cause Fear        |       |       |       |     8 |     5 |       ||    13
       Ensorcelled Hiber |       |       |       |    11 |     2 |       ||    13
Invok: Lesser Servant of |       |       |       |       |     5 |     6 ||    11
 Abil: End Transformatio |       |       |     1 |     2 |     1 |     3 ||     7
       Bat Form          |       |       |     1 |     2 |     1 |     3 ||     7
       Evoke Invisibilit |       |       |     1 |     6 |     9 |       ||    16
Evoke: Wand              |       |       |       |    25 |    26 |    10 ||    61
       Phial of floods   |       |       |       |       |     2 |     1 ||     3
  Use: Scroll            |       |    10 |    15 |    19 |    15 |    10 ||    69
       Potion            |       |       |     1 |    14 |     8 |    20 ||    43
 Stab: Sleeping          |    11 |    10 |    30 |    65 |    38 |    23 ||   177
       Distracted        |       |     1 |     2 |     6 |    18 |    13 ||    40
       Confused          |       |       |    12 |    32 |    64 |     2 ||   110
       Invisible         |       |       |     3 |    21 |    30 |     2 ||    56
       Paralysed         |       |       |       |     4 |       |       ||     4
  Eat: Corpse            |     1 |     1 |     3 |     4 |     5 |     1 ||    15
Armor: Robe              |    22 |    35 |    47 |   142 |   312 |   154 ||   712
       Leather armour    |       |       |       |   196 |    86 |       ||   282
Dodge: Dodged            |    78 |   155 |   157 |  1287 |  3744 |  1442 ||  6863
Block: Buckler           |       |       |       |       |    75 |   532 ||   607
       Reflection        |       |       |       |       |     5 |    16 ||    21
